Nordiques vs Flyers

Created - 10 octobre 2017 at 17:29

Goals
1 2 3 T
Nordiques 1 4 1 6
Flyers 1 0 0 1
Shots
1 2 3 T
Nordiques 7 14 16 37
Flyers 14 13 5 32

1st period

1. Flyers , Leon Draisaitl 1 (Darnell Nurse 1, Filip Forsberg 1) at 0:59
2. Nordiques , Connor Brown 1 (Jaromir Jagr 1) at 12:55

Penalties :
No Penalty

2nd period

3. Nordiques , Jamie Benn 1 (Ryan O'Reilly 1, Kevin Klein 1) at 1:02
4. Nordiques , Jaromir Jagr 2 (Patrik Berglund 2, Shayne Gostisbehere 2) at 3:27
5. Nordiques , Jakub Vrana 1 (Shayne Gostisbehere 3, Kevin Klein 2) at 17:32
6. Nordiques , Sebastian Aho 1 (Shayne Gostisbehere 4, Ryan O'Reilly 2) at 18:14

Penalties :
Elias Lindholm (PHI) for Roughing (Minor) at 18:32

3rd period

7. Nordiques , Jaromir Jagr 3 (Jakub Vrana 1, John-Michael Liles 1) at 18:54

Penalties :
Vincent Trocheck (PHI) for Hooking (Minor) at 0:39

Goalie Stats

Roberto Luongo (QUE), 31 saves from 32 shots - (0,969), W, 2-0-0, 60:00 minutes
Tristan Jarry (PHI), 15 saves from 16 shots - (0,938), 21:46 minutes
Matt Murray (PHI), 16 saves from 21 shots - (0,762), L, 0-1-0, 38:14 minutes

Players Stats for Nordiques

Player Name              G  A  P  +/- PIM S  H  SB GA TA FO     MP     PP MP  PK MP  
------------------------------------------------------------------------------------
Alexander Wennberg       0  0  0   0  0   3  0  0  0  1  0/1    17:44   1:50   0:00 
Connor Brown             1  0  1   2  0   5  1  1  0  0  0/2    15:54   0:00   0:00 
Derek MacKenzie          0  0  0   1  0   0  1  0  0  0  0/0     8:00   0:00   0:00 
Evander Kane             0  0  0   0  0   0  4  0  0  0  0/1    17:44   1:50   0:00 
Jakub Vrana              1  1  2   1  0   3  0  0  1  0  0/0     8:00   0:00   0:00 
Jamie Benn               1  0  1   2  0   3  1  0  0  0  1/1    18:22   2:08   0:00 
Jared Spurgeon           0  0  0   1  0   0  2  0  1  0  0/0    25:24   2:21   0:00 
Jaromir Jagr             2  1  3   2  0   3  1  0  1  0  0/0    15:54   0:00   0:00 
John-Michael Liles       0  1  1   1  0   0  0  2  0  0  0/0    14:19   0:00   0:00 
Kevin Klein              0  2  2   3  0   1  3  0  0  0  0/0    19:04   0:00   0:00 
Kyle Turris              0  0  0   0  0   2  1  0  1  0  7/13   17:44   1:50   0:00 
Luke Glendening          0  0  0   1  0   0  0  0  0  0  1/2     8:00   0:00   0:00 
Morgan Rielly            0  0  0   1  0   2  1  1  0  2  0/0    24:32   1:37   0:00 
Patrik Berglund          0  1  1   2  0   5  2  2  0  1  6/13   15:54   0:00   0:00 
Ryan O'Reilly            0  2  2   2  0   4  3  1  0  0  13/24  18:22   2:08   0:00 
Sebastian Aho            1  0  1   2  0   4  0  0  1  1  0/0    18:22   2:08   0:00 
Shayne Gostisbehere      0  3  3   3  0   2  1  0  0  2  0/0    21:07   2:21   0:00 
Tom Gilbert              0  0  0   1  0   0  1  0  0  0  0/0    15:34   1:37   0:00 

Players Stats for Flyers

Player Name              G  A  P  +/- PIM S  H  SB GA TA FO     MP     PP MP  PK MP  
------------------------------------------------------------------------------------
Artturi Lehkonen         0  0  0  -2  0   1  3  0  0  0  1/2    10:58   0:00   1:57 
Brandon Carlo            0  0  0  -2  0   0  1  2  0  0  0/0    21:24   0:00   1:33 
Brendan Perlini          0  0  0  -2  0   1  2  0  0  0  0/0     9:01   0:00   0:00 
Calle Jarnkrok           0  0  0  -1  0   2  1  0  0  0  0/0    15:20   0:00   0:56 
Casey Cizikas            0  0  0  -1  0   2  1  1  0  0  7/12   16:31   0:00   2:32 
Charlie Coyle            0  0  0  -1  0   5  0  0  0  0  0/0    13:59   0:00   0:00 
Darnell Nurse            0  1  1  -1  0   1  1  1  0  1  0/0    16:33   0:00   1:33 
Elias Lindholm           0  0  0  -1  2   1  1  0  1  0  0/1    16:10   0:00   1:01 
Evgeni Malkin            0  0  0  -1  0   5  2  0  0  0  10/18  17:27   0:00   0:00 
Filip Forsberg           0  1  1  -1  0   2  2  1  1  0  0/1    15:10   0:00   0:00 
Ivan Barbashev           0  0  0  -2  0   0  0  0  0  0  0/3     9:01   0:00   0:00 
Justin Faulk             0  0  0  -2  0   2  0  2  0  1  0/0    22:01   0:00   2:25 
Leon Draisaitl           1  0  1  -1  0   2  2  0  0  0  11/19  17:05   0:00   1:30 
Michael Matheson         0  0  0  -1  0   1  0  0  0  0  0/0    17:10   0:00   2:25 
P.K. Subban              0  0  0  -2  0   1  2  0  1  1  0/0    21:26   0:00   0:00 
Patrick Kane             0  0  0  -1  0   4  0  0  2  1  0/0    17:27   0:00   0:00 
TJ Brodie                0  0  0  -2  0   0  0  1  1  0  0/0    21:26   0:00   0:00 
Vincent Trocheck         0  0  0  -1  2   2  2  2  1  1  0/1    17:51   0:00   0:00 

3 Stars

1 - Jaromir Jagr (QUE)
2 - Shayne Gostisbehere (QUE)
3 - Roberto Luongo (QUE)

Power Play

Nordiques - 0 on 2 Attempt(s) - 0,00%
Flyers - 0 on 0 Attempt(s) - 0,00%

Penalty Kill

Nordiques - 0 on 0 Attempt(s) - 0,00% - Score 0 goal in Penalty Kill
Flyers - 2 on 2 Attempt(s) - 100,00% - Score 0 goal in Penalty Kill

Team Stat

Nordiques - Hits : 22 - Faceoff Wins : 28 - Blocked Shots : 7 - Penalty Minutes : 0
Flyers - Hits : 20 - Faceoff Wins : 29 - Blocked Shots : 10 - Penalty Minutes : 4

Official

Referees : Ian Walsh and Dave Lewis
Linesman : Pierre Racicot and Jay Sharrers

Game Notes

Tristan Jarry enters game at 18:14 of 2nd period
13:40 of 3rd period - Nordiques goal is going for a video replay. After video review, No Goal. The puck has been directed, batted or thrown into the net by an attacking player other than with a stick.

Finance

Level 1 -- Attendance: 5580 (93,00%) -- Ticket Income 530 100 $
Level 2 -- Attendance: 4545 (90,90%) -- Ticket Income 245 430 $
Level 3 -- Attendance: 1901 (95,05%) -- Ticket Income 62 733 $
Level 4 -- Attendance: 3714 (92,85%) -- Ticket Income 81 708 $
Luxury Box -- Attendance: 1000 (100,00%) -- Ticket Income 165 000 $
Game was played at the Spectrum.
Total Attendance: 16740 (93,00%)
Total Ticket Income: 1 084 971 $
Other Income: 531 636 $
Total Income: 1 616 607 $

Nordiques

5 vs 5 Forward 
   Center                   Left Wing                Right Wing               Time % Phy DF OF 
 1 Ryan O'Reilly            Jamie Benn               Sebastian Aho            30     0   2  3  
 2 Kyle Turris              Evander Kane             Alexander Wennberg       30     0   3  2  
 3 Patrik Berglund          Jaromir Jagr             Connor Brown             30     0   2  3  
 4 Luke Glendening          Derek MacKenzie          Jakub Vrana              10     1   2  2  

5 vs 5 Defense 
   Defense                  Defense                                           Time % Phy DF OF 
 1 Jared Spurgeon           Morgan Rielly                                     40     1   2  2  
 2 Shayne Gostisbehere      Kevin Klein                                       35     1   3  1  
 3 John-Michael Liles       Tom Gilbert                                       25     1   3  1  
 4 Jared Spurgeon           Morgan Rielly                                     0      1   2  2  

PowerPlay Forward 
   Center                   Left Wing                Right Wing               Time % Phy DF OF 
 1 Ryan O'Reilly            Jamie Benn               Sebastian Aho            60     1   1  3  
 2 Kyle Turris              Evander Kane             Alexander Wennberg       40     1   1  3  

PowerPlay Defense
   Defense                  Defense                                           Time % Phy DF OF 
 1 Jared Spurgeon           Shayne Gostisbehere                               60     1   1  3  
 2 Morgan Rielly            Tom Gilbert                                       40     1   1  3  

Penalty Kill 4 Players Forward 
   Center                   Wing                     Time % Phy DF OF 
 1 Patrik Berglund          Connor Brown             50     1   2  2  
 2 Luke Glendening          Derek MacKenzie          50     1   3  1  

Penalty Kill 4 Players Defense
   Defense                  Defense                  Time % Phy DF OF 
 1 Kevin Klein              Morgan Rielly            60     1   2  2  
 2 John-Michael Liles       Tom Gilbert              40     1   2  2  

Penalty Kill - 3 Players Forward 
   Forward                                           Time % Phy DF OF 
 1 Ryan O'Reilly                                     50     1   2  2  
 2 Luke Glendening                                   50     1   3  1  

Penalty Kill - 3 Players Defense
   Defense                  Defense                  Time % Phy DF OF 
 1 Jared Spurgeon           Morgan Rielly            60     1   2  2  
 2 Kevin Klein              Tom Gilbert              40     1   3  1  

4 vs 4 Forward 
   Center                   Wing                     Time % Phy DF OF 
 1 Ryan O'Reilly            Jamie Benn               60     0   2  3  
 2 Kyle Turris              Alexander Wennberg       40     0   3  2  

4 vs 4 Defense
   Defense                  Defense                  Time % Phy DF OF 
 1 Jared Spurgeon           Morgan Rielly            60     1   2  2  
 2 Shayne Gostisbehere      Kevin Klein              40     1   3  1  

Last Minutes Offensive
   Center                   Left Wing                Right Wing               Defense                  Defense                  
   Ryan O'Reilly            Jamie Benn               Sebastian Aho            Jared Spurgeon           Shayne Gostisbehere      

Last Minutes Defensive
   Center                   Left Wing                Right Wing               Defense                  Defense                  
   Ryan O'Reilly            Jamie Benn               Connor Brown             Jared Spurgeon           Morgan Rielly            

Goaltenders
Starting : Roberto Luongo           
Backup : Jonathan Bernier         

Extra Forwards
Normal : Patrik Berglund, Jaromir Jagr, Connor Brown - PP : Jaromir Jagr, Patrik Berglund - PK : Ryan O'Reilly
Extra Defensemen
Normal : John-Michael Liles, Tom Gilbert, Kevin Klein - PP : Morgan Rielly - PK : Jared Spurgeon, Shayne Gostisbehere
Penalty Shots
Patrik Berglund, Kyle Turris, Sebastian Aho, Jamie Benn, Ryan O'Reilly
Custom OT Lines Forwards
Jamie Benn, Ryan O'Reilly, Kyle Turris, Alexander Wennberg, Patrik Berglund, Sebastian Aho, Evander Kane, Jaromir Jagr, Connor Brown, Luke Glendening
Custom OT Lines Defensemen
Jared Spurgeon, Morgan Rielly, Shayne Gostisbehere, Kevin Klein, John-Michael Liles

Scratches
Paul Carey (Healthy), Chris VandeVelde (Healthy)

Flyers

5 vs 5 Forward 
   Center                   Left Wing                Right Wing               Time % Phy DF OF 
 1 Evgeni Malkin            Patrick Kane             Vincent Trocheck         33     0   2  3  
 2 Leon Draisaitl           Filip Forsberg           Elias Lindholm           30     0   2  3  
 3 Casey Cizikas            Calle Jarnkrok           Charlie Coyle            27     0   2  3  
 4 Ivan Barbashev           Brendan Perlini          Artturi Lehkonen         10     0   2  3  

5 vs 5 Defense 
   Defense                  Defense                                           Time % Phy DF OF 
 1 P.K. Subban              TJ Brodie                                         38     0   4  1  
 2 Justin Faulk             Brandon Carlo                                     35     0   4  1  
 3 Michael Matheson         Darnell Nurse                                     27     0   4  1  
 4 P.K. Subban              TJ Brodie                                         0      1   2  2  

PowerPlay Forward 
   Center                   Left Wing                Right Wing               Time % Phy DF OF 
 1 Evgeni Malkin            Patrick Kane             Leon Draisaitl           60     0   0  5  
 2 Vincent Trocheck         Brendan Perlini          Filip Forsberg           40     0   0  5  

PowerPlay Defense
   Defense                  Defense                                           Time % Phy DF OF 
 1 P.K. Subban              TJ Brodie                                         60     0   1  4  
 2 Justin Faulk             Brandon Carlo                                     40     0   1  4  

Penalty Kill 4 Players Forward 
   Center                   Wing                     Time % Phy DF OF 
 1 Elias Lindholm           Casey Cizikas            60     0   5  0  
 2 Vincent Trocheck         Calle Jarnkrok           40     0   5  0  

Penalty Kill 4 Players Defense
   Defense                  Defense                  Time % Phy DF OF 
 1 Justin Faulk             Michael Matheson         60     0   5  0  
 2 Darnell Nurse            Brandon Carlo            40     0   5  0  

Penalty Kill - 3 Players Forward 
   Forward                                           Time % Phy DF OF 
 1 Casey Cizikas                                     60     0   5  0  
 2 Calle Jarnkrok                                    40     0   5  0  

Penalty Kill - 3 Players Defense
   Defense                  Defense                  Time % Phy DF OF 
 1 P.K. Subban              Michael Matheson         60     0   5  0  
 2 Justin Faulk             Brandon Carlo            40     0   5  0  

4 vs 4 Forward 
   Center                   Wing                     Time % Phy DF OF 
 1 Evgeni Malkin            Patrick Kane             60     0   3  2  
 2 Vincent Trocheck         Leon Draisaitl           40     0   3  2  

4 vs 4 Defense
   Defense                  Defense                  Time % Phy DF OF 
 1 P.K. Subban              TJ Brodie                60     0   4  1  
 2 Justin Faulk             Brandon Carlo            40     0   4  1  

Last Minutes Offensive
   Center                   Left Wing                Right Wing               Defense                  Defense                  
   Evgeni Malkin            Patrick Kane             Vincent Trocheck         P.K. Subban              TJ Brodie                

Last Minutes Defensive
   Center                   Left Wing                Right Wing               Defense                  Defense                  
   Elias Lindholm           Filip Forsberg           Vincent Trocheck         P.K. Subban              TJ Brodie                

Goaltenders
Starting : Matt Murray              
Backup : Tristan Jarry            

Extra Forwards
Normal : Artturi Lehkonen, Ivan Barbashev, Brendan Perlini - PP : Elias Lindholm, Filip Forsberg - PK : Artturi Lehkonen
Extra Defensemen
Normal : Michael Matheson, Darnell Nurse, Justin Faulk - PP : Michael Matheson - PK : Darnell Nurse, Justin Faulk
Penalty Shots
Evgeni Malkin, Patrick Kane, Vincent Trocheck, Leon Draisaitl, Filip Forsberg
Custom OT Lines Forwards
Evgeni Malkin, Patrick Kane, Vincent Trocheck, Leon Draisaitl, Filip Forsberg, Elias Lindholm, Calle Jarnkrok, Charlie Coyle, Brendan Perlini, Artturi Lehkonen
Custom OT Lines Defensemen
P.K. Subban, TJ Brodie, Justin Faulk, Brandon Carlo, Michael Matheson

Scratches
Travis Konecny (Healthy), Borna Rendulic (Healthy), Cody Corbett (Healthy), Cole Schneider (Healthy), Daniel Catenacci (Healthy)
Danny Kristo (Healthy)

% Time on Ice - Nordiques

Lines # - Real PCT - Wanted PCT - Time Play
Normal Forward
1 - 29% - 30% - 16:14
2 - 28% - 30% - 15:54
3 - 28% - 30% - 15:54
4 - 14% - 10% - 8:00
Normal Defense
1 - 40% - 40% - 22:37
2 - 34% - 35% - 19:04
3 - 25% - 25% - 13:55
4 - 1% - 0% - 0:26
PP Forward
1 - 54% - 60% - 2:08
2 - 46% - 40% - 1:50
PP Defense
1 - 59% - 60% - 2:21
2 - 41% - 40% - 1:37
PK Forward
1 - 0% - 50%
2 - 0% - 50%
PK Defense
1 - 0% - 60%
2 - 0% - 40%
PK3 Forward
1 - 0% - 50%
2 - 0% - 50%
PK3 Defense
1 - 0% - 60%
2 - 0% - 40%
44 Forward
1 - 0% - 60%
2 - 0% - 40%
44 Defense
1 - 0% - 60%
2 - 0% - 40%
Last Minute Offensive  - 0:00
Last Minute Defensive  - 0:00
Total
Forward - 60:00
Defense - 60:00

% Time on Ice - Flyers

Lines # - Real PCT - Wanted PCT - Time Play
Normal Forward
1 - 31% - 33% - 17:27
2 - 28% - 30% - 15:35
3 - 25% - 27% - 13:59
4 - 16% - 10% - 9:01
Normal Defense
1 - 38% - 38% - 21:26
2 - 35% - 35% - 19:51
3 - 26% - 27% - 14:45
4 - 0% - 0% - 0:00
PP Forward
1 - 0% - 60%
2 - 0% - 40%
PP Defense
1 - 0% - 60%
2 - 0% - 40%
PK Forward
1 - 82% - 60% - 3:14
2 - 18% - 40% - 0:44
PK Defense
1 - 61% - 60% - 2:25
2 - 39% - 40% - 1:33
PK3 Forward
1 - 0% - 60%
2 - 0% - 40%
PK3 Defense
1 - 0% - 60%
2 - 0% - 40%
44 Forward
1 - 0% - 60%
2 - 0% - 40%
44 Defense
1 - 0% - 60%
2 - 0% - 40%
Last Minute Offensive  - 0:00
Last Minute Defensive  - 0:00
Total
Forward - 60:00
Defense - 60:00

Play by Play

1st period


0:01 of 1st period - Ryan O'Reilly wins face-off versus Evgeni Malkin in neutral zone.
0:26 of 1st period - Jared Spurgeon is hit by P.K. Subban and loses puck.
0:53 of 1st period - Snap shot by Charlie Coyle.
0:53 of 1st period - Stopped by Roberto Luongo with a rebound.
0:55 of 1st period - Snap shot by Filip Forsberg.
0:55 of 1st period - Stopped by Roberto Luongo with a rebound.
0:57 of 1st period - Slapshot by Darnell Nurse.
0:57 of 1st period - Shot Misses the Net.
0:59 of 1st period - Snap shot by Leon Draisaitl.
0:59 of 1st period - Goal by Leon Draisaitl - Nordiques : 0 - Flyers : 1.
1:00 of 1st period - Luke Glendening wins face-off versus Ivan Barbashev in neutral zone.
1:03 of 1st period - Ivan Barbashev is hit by Derek MacKenzie and loses puck.
1:26 of 1st period - Michael Matheson is hit by Tom Gilbert and loses puck.
1:45 of 1st period - Snap shot by Brendan Perlini.
1:45 of 1st period - Shot Hit the Post.
1:47 of 1st period - Slapshot by Michael Matheson.
1:47 of 1st period - Stopped by Roberto Luongo without a rebound.
1:48 of 1st period - Patrik Berglund wins face-off versus Evgeni Malkin in Nordiques zone.
2:41 of 1st period - Wrist shot by Patrik Berglund.
2:41 of 1st period - Shot Misses the Net.
2:43 of 1st period - Wrist shot by Patrik Berglund.
2:43 of 1st period - Shot Misses the Net.
2:45 of 1st period - Slapshot by Morgan Rielly.
2:45 of 1st period - Deflect By TJ Brodie.
2:45 of 1st period - Stopped by Matt Murray with a rebound.
2:47 of 1st period - Slapshot by Morgan Rielly.
2:47 of 1st period - Shot Misses the Net.
2:49 of 1st period - Wrist shot by Jaromir Jagr.
2:49 of 1st period - Deflect By Patrik Berglund.
2:49 of 1st period - Shot Misses the Net.
2:49 of 1st period - Puck is out of play.
2:50 of 1st period - Ryan O'Reilly wins face-off versus Vincent Trocheck in Flyers zone.
2:59 of 1st period - Wrist shot by Patrick Kane.
2:59 of 1st period - Stopped by Roberto Luongo with a rebound.
3:05 of 1st period - Wrist shot by Patrick Kane.
3:05 of 1st period - Shot Blocked by Ryan O'Reilly.
3:07 of 1st period - Wrist shot by Vincent Trocheck.
3:07 of 1st period - Stopped by Roberto Luongo with a rebound.
3:17 of 1st period - Kevin Klein is hit by Leon Draisaitl and loses puck.
3:42 of 1st period - Wrist shot by Jakub Vrana.
3:42 of 1st period - Deflect By Derek MacKenzie.
3:42 of 1st period - Shot Blocked by Darnell Nurse.
3:42 of 1st period - Puck is out of play.
3:43 of 1st period - Evgeni Malkin wins face-off versus Luke Glendening in Flyers zone.
4:10 of 1st period - Derek MacKenzie is hit by Calle Jarnkrok and loses puck.
4:36 of 1st period - Brandon Carlo is hit by Ryan O'Reilly and loses puck.
4:41 of 1st period - Wrist shot by Jamie Benn.
4:41 of 1st period - Shot Blocked by Brandon Carlo.
4:43 of 1st period - Slapshot by Kevin Klein.
4:43 of 1st period - Stopped by Matt Murray with a rebound.
4:45 of 1st period - Slapshot by Sebastian Aho.
4:45 of 1st period - Shot Misses the Net.
5:01 of 1st period - Wrist shot by Vincent Trocheck.
5:01 of 1st period - Stopped by Roberto Luongo with a rebound.
5:19 of 1st period - Snap shot by Artturi Lehkonen.
5:19 of 1st period - Shot Blocked by Connor Brown.
5:29 of 1st period - Slapshot by Patrik Berglund.
5:29 of 1st period - Shot Misses the Net.
6:53 of 1st period - Off-side.
6:54 of 1st period - Kyle Turris wins face-off versus Ivan Barbashev in neutral zone.
7:07 of 1st period - Snap shot by Kyle Turris.
7:07 of 1st period - Shot Misses the Net.
7:09 of 1st period - Snap shot by Kyle Turris.
7:09 of 1st period - Shot Blocked by Justin Faulk.
7:11 of 1st period - Wrist shot by Evander Kane.
7:11 of 1st period - Shot Misses the Net.
8:23 of 1st period - Jared Spurgeon is hit by Elias Lindholm and loses puck.
8:32 of 1st period - Filip Forsberg is hit by Evander Kane and loses puck.
8:51 of 1st period - Ryan O'Reilly is hit by Artturi Lehkonen and loses puck.
9:10 of 1st period - Patrik Berglund is hit by Vincent Trocheck and loses puck.
10:23 of 1st period - Justin Faulk is hit by Jamie Benn.
10:38 of 1st period - Snap shot by Sebastian Aho.
10:38 of 1st period - Shot Misses the Net.
10:40 of 1st period - Wrist shot by Jamie Benn.
10:40 of 1st period - Deflect By Sebastian Aho.
10:40 of 1st period - Shot Misses the Net.
10:40 of 1st period - Puck is out of play.
10:41 of 1st period - Leon Draisaitl wins face-off versus Kyle Turris in Flyers zone.
11:04 of 1st period - Filip Forsberg is hit by Evander Kane.
11:55 of 1st period - Justin Faulk is hit by Morgan Rielly and loses puck.
12:00 of 1st period - Wrist shot by Sebastian Aho.
12:00 of 1st period - Stopped by Matt Murray without a rebound.
12:01 of 1st period - Evgeni Malkin wins face-off versus Ryan O'Reilly in Flyers zone.
12:07 of 1st period - Icing by Sebastian Aho.
12:08 of 1st period - Ryan O'Reilly wins face-off versus Evgeni Malkin in Nordiques zone.
12:21 of 1st period - Backhand shot by Evgeni Malkin.
12:21 of 1st period - Stopped by Roberto Luongo without a rebound.
12:22 of 1st period - Leon Draisaitl wins face-off versus Evander Kane in Nordiques zone.
12:23 of 1st period - Slapshot by Elias Lindholm.
12:23 of 1st period - Shot Misses the Net.
12:29 of 1st period - Evander Kane is hit by Leon Draisaitl and loses puck.
12:38 of 1st period - Wrist shot by Kyle Turris.
12:38 of 1st period - Stopped by Matt Murray with a rebound.
12:48 of 1st period - Calle Jarnkrok is hit by Connor Brown and loses puck.
12:53 of 1st period - Wrist shot by Jaromir Jagr.
12:53 of 1st period - Shot Misses the Net.
12:55 of 1st period - Snap shot by Connor Brown.
12:55 of 1st period - Goal by Connor Brown - Nordiques : 1 - Flyers : 1.
12:56 of 1st period - Evgeni Malkin wins face-off versus Ryan O'Reilly in neutral zone.
13:32 of 1st period - Snap shot by Patrik Berglund.
13:32 of 1st period - Stopped by Matt Murray without a rebound.
13:33 of 1st period - Kyle Turris wins face-off versus Leon Draisaitl in Flyers zone.
13:34 of 1st period - Snap shot by Alexander Wennberg.
13:34 of 1st period - Stopped by Matt Murray without a rebound.
13:35 of 1st period - Leon Draisaitl wins face-off versus Kyle Turris in Flyers zone.
14:03 of 1st period - Off-side.
14:04 of 1st period - Casey Cizikas wins face-off versus Connor Brown in neutral zone.
14:11 of 1st period - Wrist shot by Charlie Coyle.
14:11 of 1st period - Shot Misses the Net.
14:13 of 1st period - Snap shot by Charlie Coyle.
14:13 of 1st period - Shot Hit the Post.
14:17 of 1st period - Snap shot by Charlie Coyle.
14:17 of 1st period - Shot Blocked by Patrik Berglund.
14:19 of 1st period - Wrist shot by Charlie Coyle.
14:19 of 1st period - Stopped by Roberto Luongo without a rebound.
14:20 of 1st period - Ryan O'Reilly wins face-off versus Evgeni Malkin in Nordiques zone.
15:49 of 1st period - Off-side.
15:50 of 1st period - Patrik Berglund wins face-off versus Leon Draisaitl in neutral zone.
16:48 of 1st period - Evgeni Malkin is hit by Kevin Klein and loses puck.
17:19 of 1st period - Slapshot by Evgeni Malkin.
17:19 of 1st period - Stopped by Roberto Luongo without a rebound.
17:20 of 1st period - Casey Cizikas wins face-off versus Connor Brown in Nordiques zone.
17:21 of 1st period - Wrist shot by Charlie Coyle.
17:21 of 1st period - Stopped by Roberto Luongo with a rebound.
17:25 of 1st period - Wrist shot by Casey Cizikas.
17:25 of 1st period - Stopped by Roberto Luongo with a rebound.
17:29 of 1st period - Snap shot by Charlie Coyle.
17:29 of 1st period - Stopped by Roberto Luongo with a rebound.
17:31 of 1st period - Slapshot by Casey Cizikas.
17:31 of 1st period - Stopped by Roberto Luongo with a rebound.
18:28 of 1st period - Justin Faulk is hit by Patrik Berglund and loses puck.
19:13 of 1st period - Justin Faulk is hit by Patrik Berglund and loses puck.
19:28 of 1st period - Evgeni Malkin is hit by Ryan O'Reilly and loses puck.
19:48 of 1st period - Luke Glendening is hit by Filip Forsberg and loses puck.
19:59 of 1st period - Kevin Klein is hit by Artturi Lehkonen and loses puck.
Goals for this period are 1 for Nordiques vs 1 for Flyers.
Shots for this period are 7 for Nordiques vs 14 for Flyers.

2nd period


0:01 of 2nd period - Evgeni Malkin wins face-off versus Patrik Berglund in neutral zone.
0:08 of 2nd period - Wrist shot by Patrick Kane.
0:08 of 2nd period - Stopped by Roberto Luongo with a rebound.
0:30 of 2nd period - Off-side.
0:31 of 2nd period - Casey Cizikas wins face-off versus Kyle Turris in neutral zone.
0:58 of 2nd period - Backhand shot by Jamie Benn.
0:58 of 2nd period - Shot Hit the Post.
1:00 of 2nd period - Wrist shot by Ryan O'Reilly.
1:00 of 2nd period - Stopped by Matt Murray with a rebound.
1:02 of 2nd period - Snap shot by Jamie Benn.
1:02 of 2nd period - Goal by Jamie Benn - Nordiques : 2 - Flyers : 1.
1:03 of 2nd period - Leon Draisaitl wins face-off versus Patrik Berglund in neutral zone.
1:40 of 2nd period - Jamie Benn is hit by Evgeni Malkin and loses puck.
2:29 of 2nd period - Slapshot by Morgan Rielly.
2:29 of 2nd period - Stopped by Matt Murray without a rebound.
2:30 of 2nd period - Leon Draisaitl wins face-off versus Patrik Berglund in Flyers zone.
2:35 of 2nd period - Snap shot by Shayne Gostisbehere.
2:35 of 2nd period - Stopped by Matt Murray without a rebound.
2:36 of 2nd period - Evgeni Malkin wins face-off versus Patrik Berglund in Flyers zone.
2:47 of 2nd period - Wrist shot by Patrik Berglund.
2:47 of 2nd period - Shot Misses the Net.
3:23 of 2nd period - Slapshot by Shayne Gostisbehere.
3:23 of 2nd period - Shot Misses the Net.
3:27 of 2nd period - Slapshot by Jaromir Jagr.
3:27 of 2nd period - Goal by Jaromir Jagr - Nordiques : 3 - Flyers : 1.
3:28 of 2nd period - Leon Draisaitl wins face-off versus Ryan O'Reilly in neutral zone.
3:35 of 2nd period - Snap shot by Leon Draisaitl.
3:35 of 2nd period - Stopped by Roberto Luongo with a rebound.
4:50 of 2nd period - Snap shot by Patrik Berglund.
4:50 of 2nd period - Stopped by Matt Murray without a rebound.
4:51 of 2nd period - Leon Draisaitl wins face-off versus Ryan O'Reilly in Flyers zone.
5:02 of 2nd period - Slapshot by Filip Forsberg.
5:02 of 2nd period - Shot Misses the Net.
5:04 of 2nd period - Wrist shot by Darnell Nurse.
5:04 of 2nd period - Stopped by Roberto Luongo without a rebound.
5:05 of 2nd period - Ryan O'Reilly wins face-off versus Evgeni Malkin in Nordiques zone.
5:10 of 2nd period - Snap shot by Ryan O'Reilly.
5:10 of 2nd period - Stopped by Matt Murray without a rebound.
5:11 of 2nd period - Ryan O'Reilly wins face-off versus Evgeni Malkin in Flyers zone.
5:26 of 2nd period - Snap shot by Ryan O'Reilly.
5:26 of 2nd period - Stopped by Matt Murray with a rebound.
6:25 of 2nd period - Ivan Barbashev is hit by Kevin Klein and loses puck.
6:30 of 2nd period - Wrist shot by Jakub Vrana.
6:30 of 2nd period - Stopped by Matt Murray without a rebound.
6:31 of 2nd period - Ryan O'Reilly wins face-off versus Evgeni Malkin in Flyers zone.
7:02 of 2nd period - Kyle Turris is hit by P.K. Subban and loses puck.
7:09 of 2nd period - Slapshot by Filip Forsberg.
7:09 of 2nd period - Shot Blocked by John-Michael Liles.
7:23 of 2nd period - Snap shot by Connor Brown.
7:23 of 2nd period - Stopped by Matt Murray with a rebound.
7:25 of 2nd period - Snap shot by Jaromir Jagr.
7:25 of 2nd period - Stopped by Matt Murray without a rebound.
7:26 of 2nd period - Evgeni Malkin wins face-off versus Patrik Berglund in Flyers zone.
8:22 of 2nd period - Snap shot by Jaromir Jagr.
8:22 of 2nd period - Shot Blocked by Vincent Trocheck.
8:34 of 2nd period - Snap shot by Connor Brown.
8:34 of 2nd period - Stopped by Matt Murray with a rebound.
8:50 of 2nd period - Snap shot by Evgeni Malkin.
8:50 of 2nd period - Stopped by Roberto Luongo without a rebound.
8:51 of 2nd period - Casey Cizikas wins face-off versus Ryan O'Reilly in Nordiques zone.
8:54 of 2nd period - Slapshot by Charlie Coyle.
8:54 of 2nd period - Stopped by Roberto Luongo without a rebound.
8:55 of 2nd period - Casey Cizikas wins face-off versus Ryan O'Reilly in Nordiques zone.
9:04 of 2nd period - Snap shot by Calle Jarnkrok.
9:04 of 2nd period - Stopped by Roberto Luongo without a rebound.
9:05 of 2nd period - Leon Draisaitl wins face-off versus Alexander Wennberg in Nordiques zone.
11:08 of 2nd period - Justin Faulk is hit by Shayne Gostisbehere.
11:18 of 2nd period - Shayne Gostisbehere is hit by Brendan Perlini and loses puck.
11:41 of 2nd period - Wrist shot by Alexander Wennberg.
11:41 of 2nd period - Shot Misses the Net.
11:43 of 2nd period - Slapshot by Alexander Wennberg.
11:43 of 2nd period - Shot Blocked by Justin Faulk.
12:33 of 2nd period - Ryan O'Reilly is hit by Brendan Perlini and loses puck.
13:17 of 2nd period - Snap shot by Filip Forsberg.
13:17 of 2nd period - Stopped by Roberto Luongo without a rebound.
13:18 of 2nd period - Leon Draisaitl wins face-off versus Patrik Berglund in Nordiques zone.
13:50 of 2nd period - Off-side.
13:51 of 2nd period - Ryan O'Reilly wins face-off versus Casey Cizikas in neutral zone.
14:08 of 2nd period - Wrist shot by Jamie Benn.
14:08 of 2nd period - Shot Blocked by TJ Brodie.
14:48 of 2nd period - Slapshot by Artturi Lehkonen.
14:48 of 2nd period - Stopped by Roberto Luongo with a rebound.
14:53 of 2nd period - Snap shot by Brandon Carlo.
14:53 of 2nd period - Shot Blocked by Patrik Berglund.
15:07 of 2nd period - Wrist shot by Evgeni Malkin.
15:07 of 2nd period - Deflect By Jaromir Jagr.
15:07 of 2nd period - Stopped by Roberto Luongo without a rebound.
15:08 of 2nd period - Kyle Turris wins face-off versus Evgeni Malkin in Nordiques zone.
15:36 of 2nd period - Icing by Jared Spurgeon.
15:37 of 2nd period - Kyle Turris wins face-off versus Casey Cizikas in Nordiques zone.
15:37 of 2nd period - Kyle Turris is hit by Casey Cizikas.
16:03 of 2nd period - Slapshot by Justin Faulk.
16:03 of 2nd period - Stopped by Roberto Luongo with a rebound.
16:36 of 2nd period - Slapshot by Calle Jarnkrok.
16:36 of 2nd period - Stopped by Roberto Luongo without a rebound.
16:37 of 2nd period - Ryan O'Reilly wins face-off versus Leon Draisaitl in Nordiques zone.
17:15 of 2nd period - Darnell Nurse is hit by Jaromir Jagr and loses puck.
17:28 of 2nd period - Slapshot by Shayne Gostisbehere.
17:28 of 2nd period - Shot Misses the Net.
17:30 of 2nd period - Snap shot by Jakub Vrana.
17:30 of 2nd period - Shot Misses the Net.
17:32 of 2nd period - Slapshot by Jakub Vrana.
17:32 of 2nd period - Goal by Jakub Vrana - Nordiques : 4 - Flyers : 1.
17:33 of 2nd period - Ryan O'Reilly wins face-off versus Leon Draisaitl in neutral zone.
17:46 of 2nd period - Slapshot by Elias Lindholm.
17:46 of 2nd period - Stopped by Roberto Luongo without a rebound.
17:47 of 2nd period - Evgeni Malkin wins face-off versus Ryan O'Reilly in Nordiques zone.
17:56 of 2nd period - Snap shot by Patrick Kane.
17:56 of 2nd period - Stopped by Roberto Luongo without a rebound.
17:57 of 2nd period - Evgeni Malkin wins face-off versus Ryan O'Reilly in Nordiques zone.
18:12 of 2nd period - Slapshot by Shayne Gostisbehere.
18:12 of 2nd period - Shot Misses the Net.
18:14 of 2nd period - Wrist shot by Sebastian Aho.
18:14 of 2nd period - Goal by Sebastian Aho - Nordiques : 5 - Flyers : 1.
18:14 of 2nd period - Tristan Jarry enters game.
18:15 of 2nd period - Jamie Benn wins face-off versus Filip Forsberg in neutral zone.
18:32 of 2nd period - Minor Penalty to Elias Lindholm for Roughing.
18:33 of 2nd period - Artturi Lehkonen wins face-off versus Ryan O'Reilly in Flyers zone.
19:11 of 2nd period - Off-side.
19:12 of 2nd period - Leon Draisaitl wins face-off versus Ryan O'Reilly in neutral zone.
Goals for this period are 4 for Nordiques vs 0 for Flyers.
Shots for this period are 14 for Nordiques vs 13 for Flyers.

3rd period


0:01 of 3rd period - Ryan O'Reilly wins face-off versus Artturi Lehkonen in neutral zone.
0:04 of 3rd period - Backhand shot by Shayne Gostisbehere.
0:04 of 3rd period - Stopped by Tristan Jarry with a rebound.
0:06 of 3rd period - Slapshot by Shayne Gostisbehere.
0:06 of 3rd period - Shot Misses the Net.
0:08 of 3rd period - Slapshot by Jared Spurgeon.
0:08 of 3rd period - Shot Misses the Net.
0:12 of 3rd period - Backhand shot by Sebastian Aho.
0:12 of 3rd period - Shot Misses the Net.
0:32 of 3rd period - Penalty to Elias Lindholm is over, Elias Lindholm is back on ice.
0:39 of 3rd period - Minor Penalty to Vincent Trocheck for Hooking.
0:40 of 3rd period - Ryan O'Reilly wins face-off versus Elias Lindholm in Flyers zone.
0:56 of 3rd period - Wrist shot by Sebastian Aho.
0:56 of 3rd period - Shot Misses the Net.
2:39 of 3rd period - Penalty to Vincent Trocheck is over, Vincent Trocheck is back on ice.
2:53 of 3rd period - Snap shot by Leon Draisaitl.
2:53 of 3rd period - Shot Misses the Net.
3:33 of 3rd period - Wrist shot by Patrick Kane.
3:33 of 3rd period - Stopped by Roberto Luongo with a rebound.
3:57 of 3rd period - Jamie Benn is hit by Vincent Trocheck and loses puck.
5:15 of 3rd period - Artturi Lehkonen is hit by Kyle Turris and loses puck.
5:26 of 3rd period - Ryan O'Reilly is hit by Evgeni Malkin and loses puck.
5:56 of 3rd period - Wrist shot by Jamie Benn.
5:56 of 3rd period - Stopped by Tristan Jarry with a rebound.
6:21 of 3rd period - P.K. Subban is hit by Evander Kane and loses puck.
6:49 of 3rd period - Luke Glendening is hit by Brandon Carlo and loses puck.
7:23 of 3rd period - Shayne Gostisbehere is hit by Darnell Nurse and loses puck.
7:47 of 3rd period - Jared Spurgeon is hit by Filip Forsberg and loses puck.
8:06 of 3rd period - Snap shot by Brendan Perlini.
8:06 of 3rd period - Shot Blocked by Morgan Rielly.
9:20 of 3rd period - Connor Brown is hit by Artturi Lehkonen and loses puck.
9:37 of 3rd period - Snap shot by Sebastian Aho.
9:37 of 3rd period - Shot Misses the Net.
9:39 of 3rd period - Wrist shot by Jamie Benn.
9:39 of 3rd period - Shot Blocked by Vincent Trocheck.
9:55 of 3rd period - Snap shot by Alexander Wennberg.
9:55 of 3rd period - Shot Misses the Net.
10:29 of 3rd period - Darnell Nurse is hit by Ryan O'Reilly and loses puck.
11:06 of 3rd period - Wrist shot by Alexander Wennberg.
11:06 of 3rd period - Shot Blocked by Brandon Carlo.
11:08 of 3rd period - Wrist shot by Kyle Turris.
11:08 of 3rd period - Shot Misses the Net.
11:14 of 3rd period - Slapshot by Alexander Wennberg.
11:14 of 3rd period - Stopped by Tristan Jarry with a rebound.
11:16 of 3rd period - Wrist shot by Alexander Wennberg.
11:16 of 3rd period - Deflect By Charlie Coyle.
11:16 of 3rd period - Shot Blocked by Casey Cizikas.
11:16 of 3rd period - Puck is out of play.
11:17 of 3rd period - Ryan O'Reilly wins face-off versus Leon Draisaitl in Flyers zone.
11:34 of 3rd period - Wrist shot by Jamie Benn.
11:34 of 3rd period - Deflect By Sebastian Aho.
11:34 of 3rd period - Stopped by Tristan Jarry without a rebound.
11:35 of 3rd period - Kyle Turris wins face-off versus Casey Cizikas in Flyers zone.
12:24 of 3rd period - Snap shot by P.K. Subban.
12:24 of 3rd period - Stopped by Roberto Luongo without a rebound.
12:25 of 3rd period - Patrik Berglund wins face-off versus Ivan Barbashev in Nordiques zone.
12:30 of 3rd period - Artturi Lehkonen is hit by Kevin Klein and loses puck.
12:43 of 3rd period - Snap shot by Jaromir Jagr.
12:43 of 3rd period - Shot Misses the Net.
12:45 of 3rd period - Wrist shot by Patrik Berglund.
12:45 of 3rd period - Stopped by Tristan Jarry without a rebound.
12:46 of 3rd period - Casey Cizikas wins face-off versus Kyle Turris in Flyers zone.
13:11 of 3rd period - Filip Forsberg is hit by Jared Spurgeon and loses puck.
13:38 of 3rd period - Snap shot by Patrik Berglund.
13:38 of 3rd period - Stopped by Tristan Jarry with a rebound.
13:40 of 3rd period - Wrist shot by Patrik Berglund.
13:40 of 3rd period - Nordiques goal is going for a video replay.
13:40 of 3rd period - The goal is refused. The puck has been directed, batted or thrown into the net by an attacking player other than with a stick..
13:41 of 3rd period - Kyle Turris wins face-off versus Casey Cizikas in Flyers zone.
13:46 of 3rd period - Wrist shot by Alexander Wennberg.
13:46 of 3rd period - Stopped by Tristan Jarry without a rebound.
13:47 of 3rd period - Casey Cizikas wins face-off versus Kyle Turris in Flyers zone.
13:55 of 3rd period - Icing by Kevin Klein.
13:56 of 3rd period - Evgeni Malkin wins face-off versus Kyle Turris in Nordiques zone.
15:17 of 3rd period - Ivan Barbashev is hit by Jared Spurgeon.
16:12 of 3rd period - Snap shot by Charlie Coyle.
16:12 of 3rd period - Shot Misses the Net.
16:14 of 3rd period - Slapshot by P.K. Subban.
16:14 of 3rd period - Shot Misses the Net.
16:20 of 3rd period - Slapshot by Brendan Perlini.
16:20 of 3rd period - Stopped by Roberto Luongo without a rebound.
16:21 of 3rd period - Evgeni Malkin wins face-off versus Patrik Berglund in Nordiques zone.
16:35 of 3rd period - Snap shot by Evgeni Malkin.
16:35 of 3rd period - Stopped by Roberto Luongo without a rebound.
16:36 of 3rd period - Leon Draisaitl wins face-off versus Ryan O'Reilly in Nordiques zone.
16:45 of 3rd period - Wrist shot by Filip Forsberg.
16:45 of 3rd period - Shot Misses the Net.
17:14 of 3rd period - Slapshot by Patrick Kane.
17:14 of 3rd period - Shot Misses the Net.
17:24 of 3rd period - Slapshot by Jamie Benn.
17:24 of 3rd period - Stopped by Tristan Jarry without a rebound.
17:25 of 3rd period - Kyle Turris wins face-off versus Casey Cizikas in Flyers zone.
17:42 of 3rd period - Wrist shot by Kyle Turris.
17:42 of 3rd period - Stopped by Tristan Jarry without a rebound.
17:43 of 3rd period - Patrik Berglund wins face-off versus Leon Draisaitl in Flyers zone.
17:52 of 3rd period - Wrist shot by Patrik Berglund.
17:52 of 3rd period - Shot Blocked by Filip Forsberg.
17:54 of 3rd period - Snap shot by Connor Brown.
17:54 of 3rd period - Stopped by Tristan Jarry with a rebound.
17:56 of 3rd period - Wrist shot by Connor Brown.
17:56 of 3rd period - Stopped by Tristan Jarry with a rebound.
17:58 of 3rd period - Slapshot by Jared Spurgeon.
17:58 of 3rd period - Shot Misses the Net.
18:32 of 3rd period - Slapshot by Casey Cizikas.
18:32 of 3rd period - Shot Blocked by John-Michael Liles.
18:52 of 3rd period - Snap shot by Jakub Vrana.
18:52 of 3rd period - Stopped by Tristan Jarry with a rebound.
18:54 of 3rd period - Snap shot by Jaromir Jagr.
18:54 of 3rd period - Goal by Jaromir Jagr - Nordiques : 6 - Flyers : 1.
18:55 of 3rd period - Patrik Berglund wins face-off versus Leon Draisaitl in neutral zone.
19:06 of 3rd period - Slapshot by Justin Faulk.
19:06 of 3rd period - Stopped by Roberto Luongo with a rebound.
19:22 of 3rd period - Justin Faulk is hit by Evander Kane and loses puck.
19:53 of 3rd period - Snap shot by Ryan O'Reilly.
19:53 of 3rd period - Shot Misses the Net.
19:55 of 3rd period - Wrist shot by Ryan O'Reilly.
19:55 of 3rd period - Stopped by Tristan Jarry with a rebound.
19:57 of 3rd period - Wrist shot by Sebastian Aho.
19:57 of 3rd period - Stopped by Tristan Jarry without a rebound.
19:58 of 3rd period - Patrik Berglund wins face-off versus Leon Draisaitl in Flyers zone.
Goals for this period are 1 for Nordiques vs 0 for Flyers.
Shots for this period are 16 for Nordiques vs 5 for Flyers.